Map: Honorgrounds LE

Players

PiG - Winner!

  • Race: Protoss Protoss
  • League: Grandmaster
  • Spawn Location: 11:00

A.I. 1 (Very Easy)

  • Race: Terran Terran
  • Spawn Location: 5:00

VOD

https://www.youtube.com/watch?v=VYAzNT_KP3M

Description

Strong aggressive opening, can pretty much win the game, but has a decent macro transition.

Time

  • Played on: Feb. 15, 2017, 9:27 p.m.
  • Length: 4:13
Show
View Real Time Build Order
Export as new Build Order

PiG Protoss - Winner!

Build Orders: Oracle Opening 

Get SALT Encoding   

  12  0:01  Probe (Chrono Boost)  
  13  0:11  Probe (Chrono Boost)  
  14  0:18  Pylon  
  14  0:22  Probe (Chrono Boost)  
  15  0:36  Probe (Chrono Boost)  
  15  0:38  Gateway  
  16  0:43  Assimilator  
  16  0:47  Probe (Chrono Boost)  
  17  0:57  Probe (Chrono Boost)  
  17  0:58  Assimilator  
  18  1:08  Probe (Chrono Boost)  
  19  1:14  Pylon  
  19  1:18  Probe (Chrono Boost)  
  19  1:25  Cybernetics Core  
  20  1:29  Probe (Chrono Boost)  
  22  1:40  Probe (Chrono Boost)  
  22  1:50  Probe (Chrono Boost)  
  23  2:01  Adept  
  23  2:02  Mothership Core (Chrono Boost)  
  23  2:06  Stargate  
  27  2:15  Warp Gate  
  27  2:20  Probe (Chrono Boost)  
  28  2:28  Pylon, Adept  
  30  2:31  Probe (Chrono Boost)  
  31  2:46  Probe (Chrono Boost)  
  32  2:55  Oracle  
  32  2:58  Pylon x2  
  32  3:01  Probe (Chrono Boost)  
  36  3:09  Pylon  
  36  3:34  Nexus  
  36  3:37  Probe (Chrono Boost)  
  37  3:47  Probe (Chrono Boost)  
  41  3:58  Probe (Chrono Boost)  
Show
View Real Time Build Order
Export as new Build Order

A.I. 1 (Very Easy) Terran 

Build Orders:  

Get SALT Encoding   

  12  0:00  SCV  
  13  0:13  SCV  
  14  0:20  Supply Depot  
  14  0:36  Refinery  
  14  0:45  Barracks  
  14  1:05  Supply Depot  
  14  1:12  Refinery  
  14  1:31  SCV  
  15  1:34  Marine  
  16  1:43  SCV  
  17  1:55  SCV  
  18  2:05  Marine  
  18  2:07  SCV  
  20  2:20  SCV  
  21  2:32  SCV  
  21  2:35  Marine  
  23  2:45  Orbital Command  
  23  3:17  Marine  
  21  3:48  Marine  
  22  3:49  SCV  
Tags
 
Add a new tag
Caveats
  • Supply blocks, unpowered buildings, or Contaminate may cause inaccurate times.
  • Supply counts are checked every 10 seconds.